AoeStats
← iamlegolas312

Black Forest

510727110Analyzed
4v4 RM · 14h ago on Oct 2, 2026· 50m 12s· 8 players
Game mode
Random Map
Map size
Large (8 player)
Population
200
Speed
Normal
Resources
Standard
Victory
Conquest
Starting age
Dark Age
Ending age
Imperial Age
RankedLock teamsTeams togetherTeam positionsShared explorationLock speedFull tech treeHidden civsTurbo modeCheats
Victory
Defeat
🇨🇦 Japanese · Canada
878
+15
🇮🇳 Italians · India
865
+16
🇨🇳 Saracens · China
864
+16
🇨🇳 Franks · China
858
+16
🇨🇳 Bohemians · China
919
-18
🇬🇧 Japanese · United Kingdom
903
-18
🇫🇷 Persians · France
847
-15
🇺🇿 Slavs · Uzbekistan
773
-12
ydyk123
10:36 Feudal Age
11:30 Double-Bit Axe
16:22 Castle Age
17:19 Bow Saw
27:49 Imperial Age
26:19 Wheelbarrow
26:04 Gold Mining
26:05 Stone Mining
27:46 Hand Cart
28:10 Gold Shaft Mining
28:29 Forging
28:25 Scale Barding Armor
28:15 Cavalier
28:55 Husbandry
28:25 Pikeman
29:05 Squires
30:35 Scale Mail Armor
31:31 Halberdier
33:22 Iron Casting
33:03 Chain Mail Armor
33:10 Chain Barding Armor
34:15 Caravan
35:27 Conscription
35:42 Hoardings
34:57 Loom
34:48 Light Cavalry
36:55 Blast Furnace
36:26 Plate Mail Armor
36:34 Arson
37:03 Paladin
39:36 Plate Barding Armor
iamlegolas312
0:28 Loom
12:57 Feudal Age
14:02 Double-Bit Axe
18:19 Horse Collar
19:36 Stone Mining
19:40 Gold Mining
25:23 Castle Age
26:40 Bow Saw
26:32 Heavy Plow
27:29 Stone Shaft Mining
27:33 Fletching
28:58 Padded Archer Armor
30:19 Bodkin Arrow
30:10 Treadmill Crane
32:18 Silk Road
32:25 Leather Archer Armor
32:55 Thumb Ring
33:46 Wheelbarrow
33:59 Murder Holes
34:15 Masonry
34:49 Hand Cart
34:34 Town Watch
36:27 Caravan
43:00 Imperial Age
43:04 Elite Genoese Crossbowman
44:07 Conscription
45:22 Bracer
48:59 Town Patrol
魔幻蓝天
11:19 Feudal Age
11:56 Double-Bit Axe
11:56 Horse Collar
12:08 Stone Mining
20:09 Castle Age
19:31 Gold Mining
23:38 Bow Saw
24:09 Gold Shaft Mining
23:49 Bloodlines
24:13 Heavy Plow
37:45 Imperial Age
35:33 Forging
35:29 Scale Barding Armor
37:45 Husbandry
39:02 Wheelbarrow
38:13 Loom
38:13 Town Watch
38:06 Elite Mameluke
39:07 Conscription
39:35 Iron Casting
39:23 Chain Barding Armor
40:08 Two-Man Saw
42:29 Blast Furnace
42:06 Plate Barding Armor
41:48 Hand Cart
41:33 Town Patrol
46:22 Counterweights
614Superdry
1:31 Loom
13:14 Feudal Age
18:45 Castle Age
18:07 Double-Bit Axe
18:16 Gold Mining
18:17 Stone Mining
22:36 Wheelbarrow
22:11 Horse Collar
24:24 Heavy Plow
24:50 Bow Saw
26:59 Squires
26:44 Arson
31:13 Imperial Age
28:41 Treadmill Crane
29:32 Fletching
29:55 Forging
29:45 Scale Mail Armor
31:26 Gold Shaft Mining
32:33 Iron Casting
32:13 Chain Mail Armor
32:22 Conscription
32:31 Kataparuto
33:49 Chemistry
34:04 Ballistics
35:00 Blast Furnace
36:10 Siege Engineers
36:16 Elite Samurai
38:59 Chain Mail Armor
41:16 Thumb Ring
40:32 Elite Skirmisher
43:05 Chain Mail Armor
42:41 Fletching
45:30 Plate Mail Armor
46:55 Two-Man Saw
46:58 Bodkin Arrow
47:04 Padded Archer Armor
47:46 Caravan
49:21 Pikeman
春天里的老人
0:30 Loom
13:12 Feudal Age
17:46 Castle Age
15:39 Double-Bit Axe
15:49 Horse Collar
17:41 Wheelbarrow
28:31 Bow Saw
32:04 Imperial Age
31:29 Chemistry
32:11 Houfnice
33:19 Elite Hussite Wagon
35:45 Houfnice
37:30 Fortified Wall
38:41 Caravan
41:18 Fletching
44:26 Bodkin Arrow
48:49 Bracer
48:50 Padded Archer Armor
48:38 Elite Skirmisher
49:42 Ballistics
50:27 Leather Archer Armor
50:14 Scale Mail Armor
Dave C.T
9:36 Loom
9:54 Loom
11:55 Feudal Age
16:37 Castle Age
15:14 Double-Bit Axe
15:23 Horse Collar
19:39 Bow Saw
19:31 Heavy Plow
19:45 Caravan
24:05 Wheelbarrow
23:45 Gold Mining
23:45 Stone Mining
25:39 Hand Cart
27:26 Caravan
32:24 Imperial Age
30:29 Stone Mining
32:34 Thumb Ring
32:22 Fletching
32:32 Padded Archer Armor
33:34 Bodkin Arrow
33:13 Heavy Cavalry Archer
34:18 Parthian Tactics
34:00 Yasama
34:24 Conscription
35:29 Two-Man Saw
34:21 Elite Samurai
34:22 Elite Samurai
35:17 Elite Samurai
37:16 Bracer
37:31 Leather Archer Armor
37:16 Bracer
37:31 Leather Archer Armor
38:16 Kataparuto
38:32 Hoardings
40:06 Ring Archer Armor
40:21 Ballistics
41:01 Chemistry
40:13 Fortified Wall
39:59 Murder Holes
39:51 Arrowslits
44:27 Elite Skirmisher
E_A_bad_monkey
10:15 Feudal Age
10:56 Double-Bit Axe
15:13 Wheelbarrow
18:17 Castle Age
16:58 Horse Collar
17:11 Stone Mining
17:14 Gold Mining
20:13 Bow Saw
30:20 Heavy Plow
33:53 Imperial Age
31:39 Hand Cart
31:09 Town Watch
31:10 Loom
32:19 Caravan
35:02 Crop Rotation
35:14 Gold Shaft Mining
34:42 Cavalier
35:22 Husbandry
35:33 Bloodlines
35:36 Forging
35:26 Scale Mail Armor
35:32 Scale Barding Armor
34:52 Elite War Elephant
35:53 Conscription
36:05 Savar
36:47 Pikeman
37:28 Squires
37:13 Arson
37:14 Gambesons
37:49 Chain Mail Armor
38:10 Iron Casting
38:01 Halberdier
40:06 Plate Mail Armor
39:56 Chain Barding Armor
44:14 Elite War Elephant
ruthlessfatality
11:14 Loom
13:38 Feudal Age
14:28 Double-Bit Axe
15:23 Wheelbarrow
14:32 Horse Collar
18:08 Town Watch
20:37 Castle Age
19:08 Stone Mining
19:10 Gold Mining
22:27 Bow Saw
26:34 Hand Cart
28:48 Detinets
30:54 Scale Barding Armor
31:01 Forging
32:41 Gold Shaft Mining
33:42 Iron Casting
33:27 Chain Barding Armor
36:09 Fortified Wall
36:11 Masonry
35:56 Murder Holes
38:41 Imperial Age
35:36 Light Cavalry
36:26 Bloodlines
37:22 Bloodlines
37:12 Husbandry
37:44 Chain Barding Armor
39:39 Hussar
42:28 Plate Barding Armor
43:34 Blast Furnace
43:36 Heavy Plow
45:36 Crop Rotation
Connection lost

Rejoining the realm…

Still unreachable

The connection could not be restored.

Session expired

The server has moved on; the page needs a fresh start.